 Dungeon Crawl Stone Soup version 0.22.1-1-ga44c0e5 (webtiles) character file.

149169 Fang the Severer (level 17, -4/113 HPs)
             Began as a Gargoyle Berserker on Nov 8, 2018.
             Was a High Priest of Trog.
             Shot with an arrow by a naga sharpshooter (13 damage)
             ... led by Vashnia
             ... on level 2 of the Snake Pit.
             The game lasted 00:47:22 (33787 turns).

Fang the Severer (Gargoyle Berserker)              Turns: 33787, Time: 00:47:22

Health: -4/113     AC: 31    Str: 35    XL:     17   Next: 50%
Magic:  17/17      EV: 17    Int:  8    God:    Trog [*****.]
Gold:   1109       SH:  0    Dex: 17    Spells: 16/16 levels left

rFire    + + +     SeeInvis +   Q - +8 executioner's axe "Boifi" {chop, Fragile rF+ rC+ Str+2}
rCold    + + .     Gourm    +   (shield currently unavailable)
rNeg     + . .     Faith    .   z - +5 ring mail "Fotogo" {rF+ Dex+3}
rPois    ∞         Spirit   .   D - +2 helmet {SInv}
rElec    +         Reflect  .   N - scarf {rC+ rF+}
rCorr    .         Harm     .   (no gloves)
MR       ++...                  (no boots)
Stlth    +++.......             p - amulet of the gourmand
HPRegen  0.28/turn              i - +5 ring of strength
MPRegen  0.15/turn              v - ring "Imecs" {*Corrode +Fly AC+3 Dex+3 Slay+3}

@: about to teleport, berserk cooldown, flying, slowed, very slow
A: big wings, agile 1, magic resistance 1, negative energy resistance 1,
electricity resistance, unbreathing, petrification resistance, rot immunity, AC
+12
a: Stop Flying, Berserk, Trog's Hand, Brothers in Arms, Renounce Religion


You were on level 2 of the Snake Pit.
You worshipped Trog.
Trog was extremely pleased with you.
You were full.

You visited 7 branches of the dungeon, and saw 28 of its levels.

You collected 2155 gold pieces.
You spent 1046 gold pieces at shops.

Inventory:

Hand Weapons
 l - a +5 battleaxe of electrocution
 u - a +5 battleaxe of chopping
 E - a +1 war axe
 O - a +3 battleaxe of flaming
 Q - the +8 executioner's axe "Boifi" (weapon) {chop, Fragile rF+ rC+ Str+2}
   (You acquired it on level 14 of the Dungeon)

   It inflicts extra damage upon your enemies.
   It affects your strength (+2).
   It protects you from fire.
   It protects you from cold.
   It will be destroyed if unequipped.
 R - a +6 executioner's axe of electrocution
 W - a +4 antimagic battleaxe
Armour
 z - the +5 ring mail "Fotogo" (worn) {rF+ Dex+3}
   (You found it on level 7 of the Dungeon)

   It affects your dexterity (+3).
   It protects you from fire.
 C - +0 fire dragon scales
 D - a +2 helmet of see invisible (worn)
 N - a scarf of resistance (worn)
 P - the +1 scale mail of Hedge Wizardry {MR+}
   (You found it on level 3 of the Lair of Beasts)

   It affects your resistance to hostile enchantments.
 T - +1 ice dragon scales
 U - the +11 plate armour of Love and Death {Str+2}
   (You bought it in a shop on level 15 of the Dungeon)

   It affects your strength (+2).
Jewellery
 f - an uncursed amulet of the acrobat
 i - a +5 ring of strength (left hand)
 p - an amulet of the gourmand (around neck)
 v - the ring "Imecs" (right hand) {*Corrode +Fly AC+3 Dex+3 Slay+3}
   (You found it on level 2 of the Lair of Beasts)

   [ring of protection]

   It affects your AC (+3).
   It affects your dexterity (+3).
   It affects your accuracy and damage with ranged weapons and melee attacks
   (+3).
   It lets you fly.
   It may corrode you when you take damage.
Wands
 k - a wand of disintegration (13)
 q - a wand of random effects (28)
 r - a wand of digging (12)
 y - a wand of flame (30)
 G - a wand of paralysis (38)
 H - a wand of iceblast (14)
 J - a wand of enslavement (16)
Scrolls
 a - 6 scrolls of blinking
 e - 11 scrolls of identify
 j - 8 scrolls of remove curse
 m - 4 scrolls of fear
 o - 8 scrolls of teleportation
 w - a scroll of holy word
 A - a scroll of magic mapping
 S - 3 scrolls of fog
Potions
 b - 4 potions of haste
 g - 4 potions of berserk rage
 h - 4 potions of lignification
 n - 8 potions of curing
 s - 2 potions of agility
 t - 3 potions of brilliance
 x - 2 potions of heal wounds
 B - a potion of cancellation
 F - 4 potions of ambrosia
 I - a potion of resistance
 L - 4 potions of might
 M - 5 potions of magic
Comestibles
 c - 47 rations


   Skills:
 + Level 15.5 Fighting
 + Level 19.8 Axes
   Level 2.9(13.7) Polearms
 + Level 11.2 Armour
 + Level 8.5 Dodging
 + Level 7.3 Stealth


You had 16 spell levels left.
You didn't know any spells.
Your spell library was empty.

Dungeon Overview and Level Annotations

Branches:
Dungeon (15/15)            Temple (1/1) D:6            Lair (6/6) D:10
  Swamp (1/4) Lair:3        Snake (2/4) Lair:4        Slime (0/5) Lair:6
    Orc (2/2) D:9             Elf (0/3) Orc:2        Vaults (0/5) D:14
 Depths (1/5) D:15

Altars:
Ashenzari
Cheibriados
Dithmenos
Nemelex Xobeh
Ru
Sif Muna
Trog
Uskayaw
Vehumet
Xom
Yredelemnul
Zin
Beogh

Shops:
D:13 [   D:15 [   Orc:1 %   Orc:2 (**:

Portals:
Hell: Depths:1

Annotations:
D:9 exclusion: ice statue
Lair:4 exclusion: oklob plant
Snake:1 exclusion: 2 ice statues
Snake:2 Vashnia


Innate Abilities, Weirdness & Mutations

You are resistant to torment.
Your stone body is resilient. (AC +12)
You are immune to poison.
Your large and strong wings let you fly indefinitely.
You resist negative energy. (rN+)
You are resistant to electric shocks. (rElec)
You can survive without breathing.
You are immune to petrification.
You are immune to rotting.
You are agile. (Dex +2)
You are resistant to hostile enchantments. (MR+)


Message History

* * * LOW HITPOINT WARNING * * *
The naga sharpshooter gestures wildly while chanting.
The naga sharpshooter magically shoots an arrow.
The arrow hits you but does no damage.
Your ogre closely misses Vashnia.
Your ogre hits the naga sharpshooter with a giant club.
Vashnia shoots a bolt.
The bolt misses you.
The naga sharpshooter shoots an arrow.
The arrow completely misses you.
Things that are here:
3 bolts; 9 arrows
As you read the scroll of teleportation, it crumbles to dust.
You feel strangely unstable.
Your ogre closely misses Vashnia.
The naga sharpshooter casts a spell.
The naga sharpshooter magically shoots an arrow.
The arrow hits you.
* * * LOW HITPOINT WARNING * * *
Your ogre hits the naga sharpshooter with a giant club!
The naga sharpshooter gestures wildly while chanting.
The naga sharpshooter magically shoots an arrow.
The arrow hits you!
You die...

###########
########.........#
#......(.........#
..#####.((.......#
###
##..)(.....N#######
#..(..(####.O...N..
#..#...(####N....O..
#..#####.(.##(...N...
...# ###(.#@.......
..## ##()(#.##.## ##
.......).##..# #
.#######.# #... #..
.#.# #### ....# ...#


You could see Vashnia, 2 naga sharpshooters, a naga and 2 friendly ogres.

Vanquished Creatures
  Saint Roka (Depths:1)
  A profane servitor (Depths:1)
  Kirke (D:14)
  A tengu reaver (Depths:1)
  A frost giant (Depths:1)
  3 stone giants (Depths:1)
  A spriggan defender (D:15)
  2 pearl dragon zombies (Depths:1)
  Snorg (D:13)
  2 ettins (Depths:1)
  2 fire dragons
  A yaktaur captain (Depths:1)
  5 ogre magi
  A great orb of eyes (Depths:1)
  2 rakshasas
  4 naga warriors (Snake:1)
  2 vault guards (D:14)
  An ice dragon (D:15)
  A centaur warrior (D:13)
  3 anacondas (Snake:1)
  A catoblepas (Lair:2)
  17 two-headed ogres
  2 death knights
  5 death yaks (Lair:2)
  A deep troll earth mage (Depths:1)
  2 deep troll shamans (Depths:1)
  3 hell hogs (Depths:1)
  4 tengu warriors
  4 naga sharpshooters
  Nergalle (Orc:1)
  A shadow wraith (D:15)
  2 iron trolls (Depths:1)
  3 unseen horrors
  7 deep trolls (Depths:1)
  2 naga ritualists
  4 wizards
  A lindwurm (shapeshifter) (Depths:1)
  A wolf spider zombie (D:14)
  8 ugly things
  3 manticores
  A mana viper (Snake:1)
  A salamander (shapeshifter) (D:15)
  5 cyclopes
  An orc sorcerer (Orc:2)
  2 salamanders (Snake:1)
  5 naga magi
  20 black mambas
  9 elephants
  4 apis skeletons (Depths:1)
  3 gargoyles
  11 spiny frogs
  2 centaur skeletons
  7 torpor snails
  5 rime drakes
  7 yaktaurs (Depths:1)
  A kobold demonologist (D:13)
  6 komodo dragons
  A queen bee (D:12)
  A merfolk (D:9)
  4 trolls
  A polar bear (Lair:6)
  A queen bee (shapeshifter) (Depths:1)
  A hornet (D:12)
  3 meliai (D:15)
  6 slime creatures
  A tyrant leech (Lair:3)
  16 blink frogs
  9 hippogriffs
  11 dream sheep
  2 water elementals
  2 shadows (D:15)
  Sigmund (D:3)
  3 vampires
  4 wyverns
  17 humans (D:14)
  47 yaks
  Grum (D:8)
  A steam dragon (D:15)
  A fire elemental (D:15)
  2 hogs (D:14)
  4 hungry ghosts
  6 vampire mosquitoes
  A basilisk (Lair:2)
  18 nagas
  4 wargs
  3 acid dragons
  9 water moccasins
  Duvessa (D:4)
  9 porcupines
  18 orc warriors
  A sky beast (D:7)
  2 ice beasts
  A phantom (D:9)
  3 black bears
  8 wolves
  A necrophage (D:12)
  35 ogres
  18 centaurs
  Blork the orc (D:5)
  5 big kobolds
  9 crocodiles
  A wyvern zombie (D:14)
  13 bullfrogs
  Dowan (D:4)
  4 scorpions
  19 killer bees
  4 electric eels
  13 wights
  5 howler monkeys
  4 crimson imps
  12 hounds
  2 bullfrog zombies (D:8)
  A gnoll shaman (D:4)
  4 jellies
  2 bullfrog skeletons
  18 orc priests
  Natasha (D:4)
  4 iguanas
  22 orc wizards
  12 worker ants
  A hound zombie (D:10)
  A hound skeleton (D:5)
  Robin (D:3)
  19 adders
  8 gnolls
  2 shadow imps
  5 ufetubi (D:9)
  An ooze (D:7)
  A worm (D:2)
  6 leopard geckos
  64 orcs
  3 ball pythons
  3 giant cockroaches
  10 goblins
  14 hobgoblins
  11 jackals
  3 quokkas
  6 bats
  8 frilled lizards
  A jackal skeleton (D:5)
  28 kobolds
  A quokka skeleton (D:5)
  2 quokka zombies (D:5)
  7 rats
  3 fungi
  9 plants
851 creatures vanquished.

Vanquished Creatures (collateral kills)
  A titan (Depths:1)
  A fire dragon (Depths:1)
  A vault guard (D:14)
  A hydra (Lair:2)
  An ogre mage (Depths:1)
  3 two-headed ogres
  2 naga sharpshooters (Snake:1)
  A deep elf knight (D:14)
  A slime creature (D:13)
  A wizard (D:14)
  2 deep trolls (Depths:1)
  A necromancer (D:14)
  3 meliai (D:12)
  2 blink frogs (Lair:2)
  3 nagas (Snake:1)
  A porcupine (Lair:2)
  An ogre (Depths:1)
  6 killer bees (D:12)
  4 wights (D:14)
36 creatures vanquished.

Vanquished Creatures (others)
  An ogre (D:14)
  A bullfrog (D:14)
  A hound (D:14)
  2 orcs (Depths:1)
  A fungus (Lair:2)
  15 plants (Depths:1)
21 creatures vanquished.

Grand Total: 908 creatures vanquished

Notes
Turn   | Place    | Note
-------+----------+-------------------------------------------
     0 | D:1      | Fang the Gargoyle Berserker began the quest for the Orb.
     0 | D:1      | Reached XP level 1. HP: 14/14 MP: 1/1
   223 | D:1      | Reached XP level 2. HP: 13/19 MP: 2/2
   436 | D:1      | Reached skill level 3 in Axes
   830 | D:1      | Reached XP level 3. HP: 23/24 MP: 3/3
  1319 | D:2      | Reached ** piety under Trog
  1373 | D:2      | Reached XP level 4. HP: 20/29 MP: 4/4
  2331 | D:3      | Found a shattered altar of Ashenzari.
  2682 | D:3      | Reached skill level 1 in Stealth
  2682 | D:3      | Reached XP level 5. HP: 27/33 MP: 5/5
  2706 | D:3      | Noticed Sigmund
  2710 | D:3      | Reached skill level 4 in Axes
  2736 | D:3      | Killed Sigmund
  2736 | D:3      | Reached XP level 6. HP: 18/39 MP: 6/6
  2982 | D:3      | Found a shimmering altar of Xom.
  2982 | D:3      | Noticed Robin
  2992 | D:3      | Reached *** piety under Trog
  2996 | D:3      | Killed Robin
  3004 | D:3      | Found a sparkling altar of Nemelex Xobeh.
  3004 | D:3      | Found a bloodstained altar of Trog.
  3033 | D:3      | Found a glowing silver altar of Zin.
  3033 | D:3      | Found a snail-covered altar of Cheibriados.
  3033 | D:3      | Found a bloodstained altar of Trog.
  3187 | D:4      | Noticed Natasha
  3205 | D:4      | Killed Natasha
  3378 | D:4      | Found a hide-covered altar of Uskayaw.
  3381 | D:4      | Noticed an enchanted dagger
  3382 | D:4      | Noticed a hand axe
  3409 | D:4      | Reached skill level 5 in Fighting
  3423 | D:4      | Reached skill level 5 in Axes
  3625 | D:4      | Noticed Duvessa
  3625 | D:4      | Noticed Dowan
  3637 | D:4      | Killed Duvessa
  3637 | D:4      | Reached XP level 7. HP: 44/44 MP: 7/7
  3655 | D:4      | Killed Dowan
  3940 | D:4      | Reached skill level 6 in Axes
  4194 | D:4      | Reached XP level 8. HP: 19/50 MP: 8/8
  4525 | D:4      | Found a sparkling altar of Nemelex Xobeh.
  4847 | D:5      | Entered Level 5 of the Dungeon
  5182 | D:5      | Reached **** piety under Trog
  5187 | D:5      | Reached skill level 7 in Axes
  5930 | D:5      | Noticed Blork the orc
  5946 | D:5      | Killed Blork the orc
  6167 | D:5      | Reached skill level 5 in Armour
  6650 | D:6      | Reached skill level 8 in Axes
  6744 | D:6      | Reached XP level 9. HP: 56/56 MP: 9/9
  7000 | D:6      | Found a staircase to the Ecumenical Temple.
  7228 | Temple   | Entered the Ecumenical Temple
  7405 | D:6      | Found a bloodstained altar of Trog.
  8123 | D:7      | Reached ***** piety under Trog
  8123 | D:7      | Reached skill level 9 in Axes
  8569 | D:7      | Got a dazzling ring mail
  8580 | D:7      | Identified the +5 ring mail "Fotogo" {rF+ Dex+3} (You found
                  | it on level 7 of the Dungeon)
  8625 | D:7      | Reached XP level 10. HP: 59/64 MP: 10/10
  8648 | D:7      | Found a sacrificial altar of Ru.
  9138 | D:8      | Reached skill level 10 in Axes
  9139 | D:8      | Noticed Grum
  9148 | D:8      | Killed Grum
  9973 | D:9      | Noticed a two-headed ogre
  9981 | D:9      | Killed a two-headed ogre
 10228 | D:9      | Noticed an ice statue
 11004 | D:9      | Found a staircase to the Orcish Mines.
 11130 | D:9      | Reached XP level 11. HP: 57/69 MP: 11/11
 11200 | D:9      | Reached skill level 11 in Axes
 12155 | D:10     | Entered Level 10 of the Dungeon
 12162 | D:10     | Received a gift from Trog
 12162 | D:10     | Reached skill level 1 in Polearms
 13178 | D:10     | Noticed a two-headed ogre
 13182 | D:10     | Killed a two-headed ogre
 13412 | D:10     | Found a staircase to the Lair.
 13641 | D:11     | Reached skill level 5 in Dodging
 13641 | D:11     | Reached ****** piety under Trog
 13807 | Lair:1   | Entered Level 1 of the Lair of Beasts
 14527 | Lair:1   | Reached skill level 12 in Axes
 14915 | Lair:2   | Noticed a death yak
 14916 | Lair:2   | Noticed a death yak
 14916 | Lair:2   | Noticed a death yak
 14917 | Lair:2   | Noticed a death yak
 14917 | Lair:2   | Noticed a death yak
 14932 | Lair:2   | Killed a death yak
 14934 | Lair:2   | Killed a death yak
 14934 | Lair:2   | Reached XP level 12. HP: 32/76 MP: 12/12
 14935 | Lair:2   | Killed a death yak
 14935 | Lair:2   | Killed a death yak
 14940 | Lair:2   | Killed a death yak
 14940 | Lair:2   | Reached skill level 10 in Fighting
 15245 | Lair:2   | Gained mutation: You are resistant to hostile enchantments.
                  | (MR+) [potion of mutation]
 15245 | Lair:2   | Gained mutation: You are agile. (Dex +2) [potion of
                  | mutation]
 15260 | Lair:2   | Noticed a six-headed hydra
 15265 | Lair:2   | Killed an eight-headed hydra
 15442 | Lair:2   | Reached skill level 13 in Axes
 15559 | Lair:2   | Got a heavily runed wooden ring
 15573 | Lair:2   | Identified the ring "Imecs" {*Corrode +Fly AC+3 Dex+3
                  | Slay+3} (You found it on level 2 of the Lair of Beasts)
 15785 | Lair:2   | Noticed a catoblepas
 15790 | Lair:2   | Killed a catoblepas
 17122 | Lair:3   | Found a staircase to the Swamp.
 17696 | Lair:3   | Got a pitted scale mail
 17707 | Lair:3   | Identified the cursed +1 scale mail of Hedge Wizardry {MR+}
                  | (You found it on level 3 of the Lair of Beasts)
 17744 | Lair:4   | Reached XP level 13. HP: 71/84 MP: 13/13
 17989 | Lair:4   | Reached skill level 14 in Axes
 18000 | Lair:4   | Found a staircase to the Snake Pit.
 18006 | Lair:4   | Received a gift from Trog
 18018 | Lair:4   | Got a bloodstained bardiche {god gift}
 18019 | Lair:4   | Identified the +1 bardiche "Silakh" {venom, rN+ Int+4}
                  | (Trog gifted it to you on level 4 of the Lair of Beasts)
 18965 | Snake:1  | Entered Level 1 of the Snake Pit
 19343 | Lair:5   | Found a labyrinth entrance.
 19464 | Lair:5   | Found a snail-covered altar of Cheibriados.
 20052 | Lair:6   | Entered Level 6 of the Lair of Beasts
 20209 | Lair:6   | Reached skill level 5 in Stealth
 20213 | Lair:6   | Reached skill level 15 in Axes
 20312 | Lair:6   | Found a staircase to the Slime Pits.
 20791 | Lair:6   | Gained mutation: Your large and strong wings let you fly
                  | indefinitely. [Gargoyle growth]
 20791 | Lair:6   | Reached XP level 14. HP: 68/91 MP: 14/14
 22047 | D:11     | Received a gift from Trog
 23628 | D:13     | Found Umooth's Armour Emporium.
 23736 | D:13     | Noticed Snorg
 23755 | D:13     | Killed Snorg
 23755 | D:13     | Reached skill level 10 in Armour
 24547 | D:14     | Reached skill level 16 in Axes
 24731 | D:14     | Found a shadowy altar of Dithmenos.
 24814 | D:14     | HP: 3/92 [barbs]
 25286 | D:14     | Noticed Kirke
 25300 | D:14     | Killed Kirke
 25377 | D:14     | Received a gift from Trog
 25396 | D:14     | Identified 3 scrolls of acquirement
 25399 | D:14     | Got an ebony executioner's axe
 25413 | D:14     | Identified the +8 executioner's axe "Boifi" {chop, Fragile
                  | rF+ rC+ Str+2} (You acquired it on level 14 of the Dungeon)
 25720 | D:14     | Reached XP level 15. HP: 99/99 MP: 15/15
 25887 | D:14     | Found a gate to the Vaults.
 26379 | D:15     | Entered Level 15 of the Dungeon
 26841 | D:15     | Found a staircase to the Depths.
 26943 | D:15     | Reached skill level 17 in Axes
 26992 | D:15     | Received a gift from Trog
 27308 | D:15     | Found Rupnuwn's Armour Boutique.
 27317 | D:15     | Bought the +11 plate armour of Love and Death {Str+2} for
                  | 981 gold pieces
 27496 | Orc:1    | Entered Level 1 of the Orcish Mines
 27496 | Orc:1    | Found Ceitsynga's Food Boutique.
 27583 | Orc:1    | Found a roughly hewn altar of Beogh.
 27586 | Orc:1    | Noticed Nergalle
 27597 | Orc:1    | Killed Nergalle
 27790 | Orc:2    | Entered Level 2 of the Orcish Mines
 27843 | Orc:2    | Found Foafuist's General Store.
 27843 | Orc:2    | Found Uppoj's Weapon Shoppe.
 27874 | Orc:2    | Found Argholue's General Store.
 27874 | Orc:2    | Found Jinurrai's Book Emporium.
 27942 | Orc:2    | Paralysed by an orc sorcerer for 7 turns
 28258 | Orc:2    | Found a staircase to the Elven Halls.
 28269 | Orc:2    | Found a radiant altar of Vehumet.
 28276 | Orc:2    | Found a deep blue altar of Sif Muna.
 28351 | Orc:2    | Bought a potion of heal wounds for 65 gold pieces
 28383 | Orc:2    | Identified Sif Muna's Collected Works on Intoxication
 28654 | Swamp:1  | Entered Level 1 of the Swamp
 28734 | Snake:1  | Received a gift from Trog
 28904 | Snake:1  | Reached XP level 16. HP: 73/106 MP: 16/16
 28904 | Snake:1  | Reached skill level 18 in Axes
 29278 | Depths:1 | Entered Level 1 of the Depths
 29384 | Depths:1 | Noticed a titan
 29393 | Depths:1 | Killed a titan
 30097 | Depths:1 | Found a gateway to Hell.
 30255 | D:15     | Received a gift from Trog
 31198 | Depths:1 | Reached skill level 19 in Axes
 31223 | Depths:1 | Noticed a profane servitor
 31425 | Depths:1 | Found a basalt altar of Yredelemnul.
 31440 | Depths:1 | Killed a profane servitor
 31492 | Depths:1 | Reached XP level 17. HP: 105/112 MP: 17/17
 31557 | Depths:1 | Noticed Saint Roka
 31559 | Depths:1 | Reached skill level 15 in Fighting
 31571 | Depths:1 | Killed Saint Roka
 31768 | Depths:1 | Received a gift from Trog
 33776 | Snake:2  | Noticed Vashnia
 33787 | Snake:2  | Shot with an arrow by a naga sharpshooter

Skill      XL: |  1  2  3  4  5  6  7  8  9 10 11 12 13 14 15 16 17 |
---------------+----------------------------------------------------+-----
Axes           | 3 4 5 6 8 9 10 12 13 15 16 17 19 | 19.8
Dodging        | 2 4 5 6 7 8 |  8.5
Fighting       | 4 5 6 7 8 9 10 11 13 14 15 | 15.5
Stealth        | 1 2 4 5 6 7 |  7.3
Armour         | 3 5 7 8 9 10 11 | 11.2
Polearms       | 2 |  2.9

Action                   |  1- 3 |  4- 6 |  7- 9 | 10-12 | 13-15 | 16-18 || total
-------------------------+-------+-------+-------+-------+-------+-------++-------
Melee: Hand axe          |   140 |   231 |   660 |   190 |       |       ||  1221
       War axe           |       |       |       |   358 |   585 |       ||   943
       Trident           |       |       |       |   188 |       |       ||   188
       Executioner's axe |       |       |       |       |   236 |   324 ||   560
Invok: Berserk           |       |     3 |     6 |    10 |     6 |     9 ||    34
       Brothers in Arms  |       |       |       |     2 |     6 |     8 ||    16
 Abil: Fly               |       |       |       |       |     1 |       ||     1
  Use: Scroll            |       |       |       |    27 |    11 |     7 ||    45
       Potion            |       |       |       |     1 |     2 |     3 ||     6
 Stab: Sleeping          |     1 |     2 |       |     1 |    18 |     2 ||    24
       Distracted        |       |       |       |       |     2 |     3 ||     5
  Eat: Chunk             |     2 |    21 |    23 |    44 |    58 |    26 ||   174
       Ration            |       |       |       |       |     1 |       ||     1
Armor: Animal skin       |    53 |    13 |       |       |       |       ||    66
       Plate armour      |       |   129 |   409 |       |       |       ||   538
       Ring mail         |       |       |     9 |   312 |   430 |   203 ||   954
Dodge: Dodged            |    89 |    90 |   241 |   399 |   677 |   327 ||  1823
